 Dungeon Crawl Stone Soup version 0.32-a0-35-gd9ff480968 (webtiles) character file.

Game seed: 17666838561336569211

32 PriceMaster the Conjurer (level 3, 0/21 HPs)
             Began as an Octopode Conjurer on Jan 23, 2024.
             Slain by a hobgoblin (6 damage)
             ... led by Robin
             ... on level 2 of the Dungeon.
             The game lasted 00:01:25 (725 turns).

PriceMaster the Conjurer (Octopode Conjurer)         Turns: 725, Time: 00:01:26

Health: 0/21       AC:  1    Str:  6    XL:     3   Next: 25%
Magic:  6/6        EV: 13    Int: 22    God:
Gold:   87         SH:  0    Dex: 10    Spells: 3/6 levels left

rFire   . . .        d - +1 short sword (speed)
rCold   . . .        (no shield)
rNeg    . . .        (helmet restricted)
rPois   .            (no amulet)
rElec   .            (no ring)
rCorr   .            (no ring)
SInv    .            (no ring)
Will    .....        (no ring)
Stlth   +++          (no ring)
HPRegen 0.23/turn    (no ring)
MPRegen 0.10/turn    (no ring)
                     (no ring)

%: no passive effects
@: no status effects
A: almost no armour, amphibious, 8 rings, camouflage 1, gelatinous body 1,
(nimble swimmer 1), tentacles
a: no special abilities


You were on level 2 of the Dungeon.
You visited 1 branch of the dungeon, and saw 2 of its levels.

You collected 87 gold pieces.

Inventory:

Hand Weapons
 d - a +1 short sword of speed (weapon)
Scrolls
 b - a scroll of teleportation {unknown}
 e - a scroll of fog {unknown}
 f - a scroll of enchant armour {unknown}
 g - a scroll of vulnerability {unknown}
 h - a scroll of identify {unknown}
 i - a scroll of amnesia {unknown}
Potions
 c - a potion of mutation {unknown}
 j - a potion of heal wounds {unknown}


   Skills:
 + Level 2.0 Dodging
 + Level 3.3 Stealth
 * Level 2.1 Spellcasting
 + Level 4.7 Conjurations


You had 3 spell levels left.
You knew the following spells:

 Your Spells              Type           Power      Damage    Failure   Level
a - Magic Dart            Conj           92%        1d7       1%          1
b - Searing Ray           Conj           46%        2d6       3%          2

Your spell library contained the following spells:

 Spells                   Type           Power      Damage    Failure   Level
 Fulminant Prism          Conj/Alch      6%         3d7       45%         4
 Iskenderun's Mystic Bla  Conj/Tloc      12%        2d5       45%         4


Dungeon Overview and Level Annotations

Branches:
Dungeon (2/15)

Altars:

Annotations:
D:2 Robin


Innate Abilities, Weirdness & Mutations

You cannot wear most types of armour.
You are amphibious.
You can wear up to eight rings at the same time.
Your skin changes colour to match your surroundings (Stealth+).
Your rubbery body absorbs attacks. (AC +1, EV +1)
((You are camouflaged when in or above water. (Stealth+)))
You have tentacles for arms and can constrict up to eight enemies at once.


Message History

The goblin shouts!
You hear a shout! x4
Casting: Magic Dart (safe; 1% risk of failure)
Confirm with . or Enter, or press ? or * to list all spells.
Aiming: Searing Ray (safe; 3% risk of failure)
Press: ? - help, Shift-Dir - straight line, f/p - goblin
Aim: a goblin, wielding a +0 club (moderately wounded, 72% to hit)
The searing ray hits the goblin!
You kill the goblin! (Press . to maintain the ray.)
You hear a shout!
A hobgoblin comes into view.
You hear a shout! 3 goblins and a hobgoblin come into view.
Found a scroll labelled KUUKKIWELI and a scroll labelled ALOBIM SUCUMA.
The goblin shouts! x2; You hear a shout!
Robin of the Strong Arm comes into view.
They are wielding a +0 dagger.
The goblin moves out of view. x2; The hobgoblin moves out of view. 3 goblins and a kobold come into view.
The goblin shouts!
Robin roars a battlecry!
The goblins go into a battle-frenzy!
Casting: Searing Ray (safe; 3% risk of failure)
Confirm with . or Enter, or press ? or * to list all spells.
Aiming: Searing Ray (safe; 3% risk of failure)
Press: ? - help, Shift-Dir - straight line, f - goblin
Aim: a goblin, wielding a +0 dagger (strong, 72% to hit)
The searing ray misses the hobgoblin.
The searing ray hits the hobgoblin.
The hobgoblin is almost dead.
The searing ray hits the goblin!
You kill the goblin! (Press . to maintain the ray.)
An endoplasm comes into view.
The goblin hits you but does no damage. Robin throws the goblin at you!
The hobgoblin hits you. The goblin hits you with a +0 club!
Magic courses through your body. The goblin hits you with a +0 club.
Robin throws the goblin at you!
* * * LOW HITPOINT WARNING * * *
The hobgoblin hits you.
You die...

##. ....... .. ...?J..
###.. ##. ....... .....
... ...g... ##....
....### .g.....
......####...?.#)gg....
#..†.# #..#.ggK)....
#.##.####..#@#
#......<##.gg#
###.###.####.#####
#####.###.^........#
#.......>..........#
....###.#####........#
## #.# ###..###.# #.#
##.###.# #.. #...#.###


You could see Robin, an endoplasm, a hobgoblin (strong), 6 goblins and a kobold.

Vanquished Creatures
  A ribbon worm (D:2)
  A bat (D:1)
  4 endoplasms (D:1)
  A hobgoblin (D:1)
  2 jackals (D:1)
  5 kobolds
  A quokka (D:2)
  A ball python (D:1)
  A frilled lizard (D:1)
  5 goblins
  4 rats
26 creatures vanquished.

Notes
Turn   | Place    | Note
-------+----------+-------------------------------------------
     0 | D:1      | PriceMaster the Octopode Conjurer began the quest for the
                  | Orb.
     0 | D:1      | Reached XP level 1. HP: 11/11 MP: 3/3
   211 | D:1      | Reached XP level 2. HP: 17/17 MP: 0/5
   214 | D:1      | Learned a level 2 spell: Searing Ray
   368 | D:1      | Found a faded altar of an unknown god.
   516 | D:1      | Reached XP level 3. HP: 18/21 MP: 6/6
   722 | D:2      | Noticed Robin
   725 | D:2      | Slain by a hobgoblin

Illustrated notes

Levels and vault maps discovered:
D:1:      minmay_arrival_jagged, layout_basic,
          hellmonk_ecumenical_altar_heavens_door
D:2:      layout_rooms, minmay_misc_feat_four_crosses, uniq_sigmund, uniq_robin

Skill      XL: |  1  2 |
---------------+-------+-----
Stealth        | 3 |  3.3
Dodging        | |  2.0
Spellcasting   | |  2.1
Conjurations   | |  4.7

Action                     || total
---------------------------++-------
  Melee: Short sword       ||    23
         Tentacles         ||     7
         Unarmed           ||     5
         Constrict         ||     6
   Cast: Magic Dart        ||    18
         Searing Ray       ||     3
    Use: Potion            ||     1
   Stab: Sleeping          ||     4
 Armour: Skin              ||    12
  Dodge: Dodged            ||    10

Table legend: (Time is in decaauts)
 A = Elapsed time spent in this place.
 B = Non-inter-level travel time spent in this place.
 C = Inter-level travel time spent in this place.
 D = Time resting spent in this place.
 E = Time spent auto-exploring this place.
 F = Levels seen in this place.
 G = Mean time per level.
                   A        B        C        D        E       F      G
               +--------+--------+--------+--------+--------+-----+--------+
         Total |    716 |    702 |     14 |      0 |    578 |   2 |  358.0 |
       Dungeon |    716 |    702 |     14 |      0 |    578 |   2 |  358.0 |
               +--------+--------+--------+--------+--------+-----+--------+

Top non-repeatable levels by time:
     D:1: 594 daAuts
     D:2: 122 daAuts
